[Event "Live Chess"]
[Site "Chess.com"]
[Date "2023.05.21"]
[Round "-"]
[White "birdseed45"]
[Black "KeithArkell"]
[Result "0-1"]
[WhiteElo "1865"]
[BlackElo "2611"]
[TimeControl "300"]
[EndTime "16:09:27 PDT"]
[Termination "KeithArkell won by resignation"]

1. e4 c6 2. d4 d5 3. Nc3 dxe4 4.
Nxe4 Nd7 5. Nf3 Ngf6 6. Bd3 Nxe4 7. Bxe4 Nf6 8. Bd3 Bg4 9. c3 e6 10. O-O Be7 11. h3 Bxf3 12. Qxf3 O-O 13. Bg5 Qd5 14. Bh4 Qxf3 15. gxf3 Nd5 16. Bxe7 Nxe7 17. Kh2 Rfd8 18. Rg1 c5 19. Rad1 cxd4 20. cxd4 Rd6 21. Be4 Rb8 22.
Rg5 b6 23. Rdg1 g6 24. Rd1 Rbd8 25. Rb5 Rxd4 26. Rc1 Rd2 27. Kg2 R8d7 28. Rb3 Kg7 29. Ra3 Kf6 30. Rb3 Nf5 31. Rc4 Nd6 32. Ra4 Nxe4 33.
fxe4 Rc2 34. Rba3 Rxb2 35. Rxa7 Rxa7 36. Rxa7 g5 37. a4 h5 38. a5 bxa5 39. Rxa5 Rb3 40. f3 h4 41. Ra2 Ke5 42. Ra5+ Kf4 43. e5 Rb2+ 44. Kg1 Kg3 45. Kf1 Kxf3 46. Ra3+ Kf4 0-1

[Event "Live Chess"]
[Site "Chess.com"]
[Date "2023.05.21"]
[Round "-"]
[White "GMHarry-youtube"]
[Black "JoeyCage"]
[Result "1-0"]
[WhiteElo "2022"]
[BlackElo "2308"]
[TimeControl "300"]
[EndTime "16:09:45 PDT"]
[Termination "GMHarry-youtube won by checkmate"]

1. e4 c5 2. Nf3 Nc6 3. Bb5 g6 4. O-O Bg7 5. c3 Nf6 6. Re1 O-O 7. d4 cxd4 8. cxd4 a6 9. Bd3 d6 10. Nc3 b5 11. a3 Bb7 12. Bf4 Rc8 13. h3 Nxd4 14.
Nxd4 e5 15. Ndxb5 exf4 16. Nd4 d5 17. e5 Nd7 18. e6 Nc5 19. e7 Qd6 20. exf8=Q+ Rxf8 21. Bc2 g5 22. f3 h5 23. b4 Ne6 24. Nxe6 fxe6 25. Qd3 g4 26. Qh7+ Kf7 27. Qg6+ Kg8 28. Rxe6 Qd7 29. Rae1 gxh3 30. Re7 Rf7 31. Rxd7 Rxd7 32.
Re8# 1-0

[Event "Live Chess"]
[Site "Chess.com"]
[Date "2023.05.21"]
[Round "-"]
[White "flyingpuffins"]
[Black "mattihelenius2"]
[Result "1-0"]
[WhiteElo "1936"]
[BlackElo "489"]
[TimeControl "300"]
[EndTime "16:09:51 PDT"]
[Termination "flyingpuffins won by checkmate"]

1. d4 d5 2. e4 e6 3. e5 Nc6 4. c3 Be7 5. f4 f6 6. Nf3 fxe5 7. Nxe5 Nf6 8. Nxc6 bxc6 9. Bd3 Ne4 10. Bxe4 dxe4 11.
O-O Rf8 12. Qe2 Ba6 13. Qxa6 Qc8 14. Qxc6+ Kd8 15. Nd2 g6 16. Nxe4 Qd7 17. Qxa8+ Qc8 18. Qc6 Bh4 19. Nc5 Ke7 20. Be3 e5 21. fxe5 Rxf1+ 22. Rxf1 Qg4 23. Qxc7+ Ke8 24. Qb8+ Ke7 25. Qd6+ Ke8 26. Rf8# 1-0

[Event "Live Chess"]
[Site "Chess.com"]
[Date "2023.05.21"]
[Round "-"]
[White "fso"]
[Black "LiamBellwood"]
[Result "1-0"]
[WhiteElo "2238"]
[BlackElo "2060"]
[TimeControl "300"]
[EndTime "16:10:03 PDT"]
[Termination "fso won by resignation"]

1. e4 e6 2. d4 d5 3. Nd2 Nc6 4. Ngf3 Nf6 5. exd5 exd5 6. Bb5 Bd6 7. O-O O-O 8. h3 Bf5 9. Re1 Nb4 10. Ba4 c5 11. a3 Nc6 12. dxc5 Bxc5 13. b4 Bb6 14. Bb2 Qd6 15. Nb3 Bxh3 16. Nc5 Bg4 17. Bxc6 bxc6 18.
Be5 Qd8 19. Qd4 Ne4 20. Bxg7 Bxf3 21. Bxf8 Qg5 22. Qg7+ Qxg7 23. Bxg7 Kxg7 24. gxf3 Nxc5 25.
bxc5 Bxc5 26. a4 Rb8 27. Rab1 Bb4 28. Re7 a5 29. Rc7 Rb6 30. c3 Bc5 31. Rxb6 Bxb6 32. Rxc6 Bd8 33. Rd6 Bc7 34. Rxd5 Kf6 35. Rc5 Bd8 36.
Kf1 Ke6 37. Ke2 Kd6 38. Rc4 Kd5 39. Rd4+ 1-0

[Event "Live Chess"]
[Site "Chess.com"]
[Date "2023.05.21"]
[Round "-"]
[White "CeladonFish"]
[Black "AbilifyXL"]
[Result "0-1"]
[WhiteElo "1126"]
[BlackElo "1965"]
[TimeControl "300"]
[EndTime "16:10:04 PDT"]
[Termination "AbilifyXL won by resignation"]

1. d4 d5 2. c4 c6 3. Nc3 Nf6 4. Bf4 a6 5. Nf3 b5 6. cxd5 cxd5 7. e3 Bg4 8. a4 b4 9. Na2 e6 10. Qb3 Bxf3 11. gxf3 Nc6 12. Rc1 Qb6 13. Bd3 Be7 14. O-O O-O 15. Rc2 Na5 0-1

[Event "Live Chess"]
[Site "Chess.com"]
[Date "2023.05.21"]
[Round "-"]
[White "toog"]
[Black "Singapourfeuj"]
[Result "0-1"]
[WhiteElo "2582"]
[BlackElo "2204"]
[TimeControl "300"]
[EndTime "16:10:44 PDT"]
[Termination "Singapourfeuj won by resignation"]

1. e4 e6 2. d4 d5 3. Nd2 Be7 4.
Ngf3 c5 5. exd5 cxd4 6. Nxd4 Qxd5 7. Nb5 Na6 8. Nc3 Qe5+ 9. Be2 Bd7 10. Nc4 Qc7 11. O-O Bc6 12. Be3 Rd8 13. Qc1 Nf6 14.
Bf4 Qc8 15. a4 O-O 16. Nb5 Nd5 17. Bg3 f5 18. Nxa7 Qa8 19. Nxc6 bxc6 20. Be5 Nc5 21. a5 Ne4 22. Bf3 c5 23. Bxe4 fxe4 24. Nb6 Qc6 25. Nxd5 exd5 26. a6 Rf5 27. Bg3 d4 28. a7 Ra8 29. Bb8 Bd6 30. Bxd6 Qxd6 31. Qd2 Rf7 32. Qe2 Qe6 33. Ra5 Rfxa7 34. Rxc5 h6 35.
Qc4 Qxc4 36. Rxc4 Rd7 37. Rd1 d3 38. cxd3 Rxd3 39. Re1 Ra2 40. Rcxe4 Rxb2 41. g3 Rdd2 42.
Rf4 Kh7 43. Kg2 Ra2 44. Re7 Re2 45. h4 Rxe7 0-1

[Event "Live Chess"]
[Site "Chess.com"]
[Date "2023.05.21"]
[Round "-"]
[White "HD_IN4k"]
[Black "yeetpizza74"]
[Result "1-0"]
[WhiteElo "404"]
[BlackElo "458"]
[TimeControl "300"]
[EndTime "16:10:48 PDT"]
[Termination "HD_IN4k won by checkmate"]

1. d4 e5 2. c3 exd4 3. cxd4 d5 4.
f3 Nc6 5. e4 dxe4 6. fxe4 Nxd4 7. Be3 Bb4+ 8. Nc3 c5 9. Qa4+ Bd7 10. Qd1 Nf6 11. a3 Bxc3+ 12. bxc3 Bg4 13. Be2 Bxe2 14. Nxe2 Nxe2 15. Qxe2 Nxe4 16. Bxc5 Rc8 17. Qxe4+ Kd7 18. Qd5+ Ke8 19. Qxd8+ Kxd8 20. Rd1+ Ke8 21. Bb4 b6 22. O-O a5 23. Bd6 Kd7 24. Be5+ Ke6 25. Bxg7 Rhd8 26. Rfe1+ Kf5 27. Rf1+ Ke6 28. Rde1+ Kd5 29. Rf5+ Kc6 30. Rf6+ Rd6 31. Rxd6+ Kxd6 32. Rd1+ Kc5 33. Bd4+ Kc4 34.
Bxb6 Kxc3 35. Rc1+ Kb3 36. Rxc8 Kxa3 37. Rf8 a4 38. Rxf7 Kb4 39. Rxh7 a3 40. Ra7 Kb3 41. Bd4 a2 42. Bf6 a1=N 43. Bxa1 Kc2 44. g4 Kd3 45. g5 Ke2 46. g6 Kf3 47. g7 Kg4 48. g8=Q+ Kh3 49. Rh7# 1-0

[Event "Live Chess"]
[Site "Chess.com"]
[Date "2023.05.21"]
[Round "-"]
[White "Jo1ts"]
[Black "AlanPaling"]
[Result "0-1"]
[WhiteElo "778"]
[BlackElo "1313"]
[TimeControl "300"]
[EndTime "16:11:22 PDT"]
[Termination "AlanPaling won by resignation"]

1. d4 e5 2. dxe5 Nc6 3. Nf3 Qe7 4. Nc3 Nxe5 5. Nxe5 Qxe5 6. a3 Bc5 7. f3 d6 8. e4 f5 9. Bd3 Nf6 10. Kf1 Qd4 11. Qe2 0-1

[Event "Live Chess"]
[Site "Chess.com"]
[Date "2023.05.21"]
[Round "-"]
[White "Biranidun"]
[Black "educatedlad"]
[Result "1-0"]
[WhiteElo "2686"]
[BlackElo "1607"]
[TimeControl "300"]
[EndTime "16:11:28 PDT"]
[Termination "Biranidun won by resignation"]

1. e4 e6 2. d4 d5 3. e5 c5 4. c3 Nc6 5. Nf3 Qb6 6. Bd3 cxd4 7. O-O Bd7 8. cxd4 Nxd4 9. Nbd2 Nxf3+ 10. Nxf3 Bb5 11.
Be3 Qa6 12. Bxb5+ Qxb5 13. Nd4 Qd7 14. Qb3 Rc8 15. Rac1 Ne7 16. Rxc8+ Nxc8 17. Rc1 Nb6 18. Nb5 Nc4 19. Bxa7 Be7 20. Bd4 O-O 21. a4 Rc8 22.
Qg3 Bf8 23. h3 Ra8 24. b3 Na5 25. Rc7 Qe8 26. Nd6 Bxd6 27. exd6 g6 28. Qe5 1-0

[Event "Live Chess"]
[Site "Chess.com"]
[Date "2023.05.21"]
[Round "-"]
[White "Conradical12"]
[Black "mikkyb4"]
[Result "1-0"]
[WhiteElo "1617"]
[BlackElo "1030"]
[TimeControl "300"]
[EndTime "16:11:39 PDT"]
[Termination "Conradical12 won by checkmate"]

1. e4 g6 2. d4 Bg7 3. Nf3 d6 4. Nc3 a6 5. Be3 b5 6. Qd2 Bb7 7. O-O-O Nd7 8. h4 h6 9. a3 Rc8 10. e5 c5 11. dxc5 Nxc5 12. exd6 exd6 13. Bxc5 Rxc5 14. Bd3 Bxc3 15. Rhe1+ Ne7 16. bxc3 Qa5 17. Qe3 Qxa3+ 18. Kd2 Qxc3+ 19. Ke2 Bxf3+ 20. Kf1 Bxd1 21. Qxe7# 1-0

[Event "Live Chess"]
[Site "Chess.com"]
[Date "2023.05.21"]
[Round "-"]
[White "wadsy27"]
[Black "GEMdzq"]
[Result "1-0"]
[WhiteElo "2567"]
[BlackElo "2215"]
[TimeControl "300"]
[EndTime "16:11:48 PDT"]
[Termination "wadsy27 won on time"]

1. Nf3 c5 2. g3 Nc6 3. Bg2 Nf6 4. O-O d5 5. d4 cxd4 6. Nxd4 e5 7. Nxc6 bxc6 8. c4 Be6 9. Nc3 Be7 10. cxd5 cxd5 11.
Qa4+ Bd7 12. Qa6 Be6 13. Rd1 O-O 14. Bg5 Rb8 15. Bxf6 Bxf6 16. Nxd5 Bxd5 17. Rxd5 Qc7 18. b3 e4 19. Rad1 e3 20. fxe3 Rfe8 21. Rd7 Qc2 22. Rf1 Rxe3 23. Qxa7 Rbe8 24. Bf3 Qg6 25. Rb7 Bg5 26. Rb8 Re6 27. Rxe8+ Rxe8 28. Kg2 h5 29. Qd7 Re7 30. Qd3 Qh6 31. a4 h4 32. Qf5 Bf6 33. Rd1 Re8 34. a5 Qe3 35. a6 Bd4 36. Rf1 Qxb3 37. Qd7 h3+ 38. Kxh3 Qe6+ 39. Qxe6 Rxe6 40.
Rd1 Be3 41. Ra1 Ba7 42. Kg2 g6 43. Ra2 Kg7 44. Bd5 Re5 45. e4 f5 46. Rb2 fxe4 47.
Rb7+ Kf6 48. Bxe4 Rxe4 49. Rxa7 1-0

[Event "Live Chess"]
[Site "Chess.com"]
[Date "2023.05.21"]
[Round "-"]
[White "f4nomore"]
[Black "whitedjohn"]
[Result "0-1"]
[WhiteElo "1422"]
[BlackElo "1651"]
[TimeControl "300"]
[EndTime "16:11:50 PDT"]
[Termination "whitedjohn won by checkmate"]

1. b3 Nf6 2. Bb2 d5 3. e3 c5 4. Nf3 Nc6 5. Be2 Bg4 6. O-O e6 7. Ne5 Bxe2 8. Qxe2 Be7 9. Nxc6 bxc6 10. Nc3 O-O 11.
d3 d4 12. Nd1 e5 13. exd4 exd4 14. c3 Re8 15. Qf3 Qd7 16. b4 cxb4 17. cxd4 Qd5 18.
Qh3 c5 19. Ne3 Qd7 20. Nf5 cxd4 21. Bxd4 g6 22. Bxf6 Qxf5 23. Bxe7 Qxh3 24. gxh3 Rxe7 25. Rad1 Rd8 26. d4 Red7 27. Kg2 Rxd4 28. Rxd4 Rxd4 29.
Re1 Rd2 30. Re8+ Kg7 31. Rb8 a5 32. Kg3 Rxa2 33. f3 Ra3 34. h4 b3 35. h3 a4 36.
Kg4 Ra2 37. f4 h5+ 38. Kg5 f6# 0-1

[Event "Live Chess"]
[Site "Chess.com"]
[Date "2023.05.21"]
[Round "-"]
[White "Man-Del-Brot"]
[Black "GiacoPietro"]
[Result "1-0"]
[WhiteElo "1068"]
[BlackElo "627"]
[TimeControl "300"]
[EndTime "16:11:57 PDT"]
[Termination "Man-Del-Brot won by resignation"]

1. d4 d5 2. Nf3 Nc6 3. Bf4 g6 4. e3 e6 5. c3 Nf6 6. h3 Bg7 7. Nbd2 O-O 8. Be2 Ne7 9. g4 b6 10. Ne5 c5 11. g5 Nd7 12. h4 Nxe5 13. dxe5 Qc7 14. Nf3 Nc6 15. h5 Bxe5 16. Bxe5 Nxe5 17. Nxe5 Qxe5 18. f4 Qe4 19. Bf3 Qxe3+ 20. Qe2 Qxe2+ 21. Kxe2 Bb7 22. c4 Rab8 23. hxg6 hxg6 24. Rh6 dxc4 25. Bxb7 Rxb7 26. Rah1 f5 27. Rh8+ Kf7 28. R1h7+ Ke8 29. Rxf8+ 1-0

[Event "Live Chess"]
[Site "Chess.com"]
[Date "2023.05.21"]
[Round "-"]
[White "ms_lilley"]
[Black "Tushinskiy"]
[Result "0-1"]
[WhiteElo "588"]
[BlackElo "2169"]
[TimeControl "300"]
[EndTime "16:12:05 PDT"]
[Termination "Tushinskiy won by checkmate"]

1. d4 d5 2. e3 c6 3. c4 e6 4. c5 Nf6 5. b4 Nbd7 6. h3 e5 7.
Bb2 Qc7 8. Nf3 e4 9. Nfd2 Be7 10. Be2 O-O 11. O-O h6 12. Bg4 Nxg4 13. hxg4 Nf6 14. g5 hxg5 15. g3 Bg4 16. Qb3 g6 17. Nc3 Kg7 18. b5 Rh8 19. Kg2 Qd7 20. Rh1 Rxh1 21. Rxh1 Rh8 22. Rxh8 Kxh8 23. Nf1 Kg7 24. Nh2 Qf5 25. Qc2 Bf3+ 26. Nxf3 exf3+ 27. Kh2 Qxc2 28. Nd1 Ng4+ 29. Kh3 Qxd1 30. Kxg4 f5+ 31. Kh3 Qh1# 0-1

[Event "Live Chess"]
[Site "Chess.com"]
[Date "2023.05.21"]
[Round "-"]
[White "gmnorfolk"]
[Black "JoshMcK"]
[Result "1-0"]
[WhiteElo "2111"]
[BlackElo "1517"]
[TimeControl "300"]
[EndTime "16:12:08 PDT"]
[Termination "gmnorfolk won by resignation"]

1. d4 Nf6 2. c4 g6 3. Nc3 Bg7 4. e4 d6 5. Be2 O-O 6. Be3 Nbd7 7. Nf3 e5 8. O-O exd4 9. Nxd4 Ne5 10. f3 Bd7 11.
Qd2 Nc6 12. Rfd1 Nxd4 13. Bxd4 Qe7 14. Rac1 h5 15. Nd5 Nxd5 16. cxd5 Bxd4+ 17. Qxd4 Qe5 18. Qxe5 dxe5 19. Rxc7 Rfd8 20. Rdc1 Rac8 21. Rxc8 Rxc8 22. Rxc8+ Bxc8 23. Bb5 a6 24. Ba4 Kf8 25. Kf2 Ke7 26.
Ke3 Kd6 27. Bd1 f5 28. g3 g5 29. f4 gxf4+ 30. gxf4 fxe4 31. Kxe4 exf4 32. Bxh5 b6 33. h4 Bb7 34. Bf7 Ke7 35. Be6 Kd6 36. Kxf4 Bxd5 37.
Bxd5 Kxd5 38. h5 Ke6 39. h6 Kf7 40. h7 Kg7 41. Ke5 Kxh7 42. Kd6 Kg7 43. Kc6 Kf7 44. Kxb6 Ke7 45. Kxa6 1-0

[Event "Live Chess"]
[Site "Chess.com"]
[Date "2023.05.21"]
[Round "-"]
[White "Pablo_dmp"]
[Black "KeithArkell"]
[Result "0-1"]
[WhiteElo "1888"]
[BlackElo "2611"]
[TimeControl "300"]
[EndTime "16:12:08 PDT"]
[Termination "KeithArkell won by resignation"]

1. e4 e6 2. Nf3 d5 3. Nc3 dxe4 4. Nxe4 Nf6 5. Bd3 Nxe4 6. Bxe4 Nd7 7. c3 Nf6 8. Bc2 Bd6 9. d4 O-O 10. O-O c5 11.
dxc5 Bxc5 12. Qxd8 Rxd8 13. Bg5 b6 14. Rad1 Bb7 15.
Rxd8+ Rxd8 16. Bxf6 gxf6 17. Ne1 Rd2 18. h3 Ba6 19.
Bd3 Bxd3 20. Nxd3 Rxd3 21. b4 Rxc3 22. bxc5 Rxc5 23. Rd1 Ra5 24. Rd2 f5 25. Kf1 h5 26.
Ke2 Ra3 27. f3 h4 28. Kf2 Kg7 29. g3 hxg3+ 30. Kxg3 Kg6 31. Kf4 Kf6 32. Kg3 Ra4 33.
f4 Kg6 34. h4 Ra3+ 35. Kf2 Kh5 0-1

[Event "Live Chess"]
[Site "Chess.com"]
[Date "2023.05.21"]
[Round "-"]
[White "ZackirtyChess"]
[Black "nigelst"]
[Result "0-1"]
[WhiteElo "1170"]
[BlackElo "1806"]
[TimeControl "300"]
[EndTime "16:12:19 PDT"]
[Termination "nigelst won by checkmate"]

1. e4 c6 2. d4 d5 3. Nc3 dxe4 4. Nxe4 Nf6 5. Qd3 Nbd7 6. Qe3 Nxe4 7. Qxe4 Nf6 8. Qd3 Bg4 9. Bd2 Bh5 10. h3 Bg6 11.
Qe3 e6 12. Nf3 Bd6 13. Bd3 Bc7 14. Bxg6 hxg6 15. O-O-O Ba5 16. Bxa5 Qxa5 17. a3 O-O 18.
Qg5 b5 19. c4 Qa4 20. cxb5 cxb5 21. Ne5 Rac8+ 22. Kd2 Qxd4+ 23. Ke1 Qxb2 24. Kf1 Ne4 25. Qg4 Qxf2# 0-1

[Event "Live Chess"]
[Site "Chess.com"]
[Date "2023.05.21"]
[Round "-"]
[White "jimwad"]
[Black "martynstanley"]
[Result "1/2-1/2"]
[WhiteElo "1221"]
[BlackElo "1010"]
[TimeControl "300"]
[EndTime "16:12:28 PDT"]
[Termination "Game drawn - insufficient material"]

1. c4 e6 2. g3 d5 3. cxd5 exd5 4.
Nc3 c5 5. d4 Nc6 6. e3 Qb6 7.
Bg2 Nh6 8. Nge2 Nf5 9. dxc5 Bxc5 10. O-O h5 11. h4 Nxh4 12. gxh4 Qc7 13. Ng3 b6 14. Nxd5 Qd7 15. Nf6+ gxf6 16. Qxd7+ Bxd7 17. Bd2 O-O-O 18. Bc3 Be7 19. Rac1 Bg4 20. Bd2 Rxd2 21. Bxc6 Rhd8 22. Bd5+ Kb8 23. Bxf7 Rd1 24. Rfxd1 Bxd1 25. Bxh5 Bxh5 26. Nxh5 f5 27. Nf4 Bxh4 28. Kg2 Rg8+ 29. Kf3 Bf6 30. Rc6 Bxb2 31. a4 Kb7 32. Rg6 Rxg6 33.
Nxg6 Ka6 34. Kf4 Ka5 35. Kxf5 Kxa4 36. Nf4 b5 37. Nd3 b4 38. Nxb2+ Ka3 39. Nc4+ Kb3 40. Nd2+ Kc3 41. Nb1+ Kc2 42. e4 b3 43. e5 Kxb1 44. e6 Ka1 45. e7 b2 46. e8=Q b1=Q+ 47. Kf4 Qc1+ 48. Kg3 Qc3+ 49. Qe3 Qxe3+ 50. fxe3 a5 51. e4 a4 52. e5 a3 53. e6 a2 54. e7 Kb2 55. e8=Q a1=Q 56. Qe5+ Ka2 57. Qe2+ Qb2 58.
Qc4+ Kb1 59. Qf1+ Ka2 60. Qa6+ Kb1 61. Qg6+ Ka2 62. Qa6+ Kb1 63. Qf1+ Ka2 64. Qf7+ Ka3 65. Qa7+ Kb3 66. Qb6+ Kc2 67. Qf2+ Kb3 68. Qf3+ Ka2 69. Qd5+ Kb1 70. Qd1+ Ka2 71. Qa4+ Qa3+ 72. Qxa3+ Kxa3 1/2-1/2

[Event "Live Chess"]
[Site "Chess.com"]
[Date "2023.05.21"]
[Round "-"]
[White "SupremeTactician"]
[Black "LodeshChess"]
[Result "1-0"]
[WhiteElo "2335"]
[BlackElo "1130"]
[TimeControl "300"]
[EndTime "16:12:32 PDT"]
[Termination "SupremeTactician won by checkmate"]

1. e4 c6 2. d4 d5 3. Nc3 dxe4 4. Nxe4 Bf5 5. Nc5 Nf6 6. Nxb7 Qb6 7. Nc5 e6 8. Na4 Qb4+ 9. c3 Qa5 10. Nf3 Be7 11. b4 Qc7 12. Bd3 Bxd3 13. Qxd3 O-O 14. O-O Bd6 15. Bg5 Nd5 16. Nc5 Nd7 17. Nxd7 Qxd7 18. Bd2 Rfd8 19. a3 Nf4 20. Bxf4 Bxf4 21. Rae1 a5 22. Re4 Qd6 23. g3 Bh6 24. Ne5 axb4 25.
axb4 Ra3 26. Nc4 Qxb4 27. Nxa3 Qxa3 28. Rb1 c5 29. d5 Kf8 30. dxe6 Rxd3 31. e7+ Ke8 32.
Rb8+ Kd7 33. e8=Q+ Kd6 34. Qd8+ Kc6 35. Rb6# 1-0

[Event "Live Chess"]
[Site "Chess.com"]
[Date "2023.05.21"]
[Round "-"]
[White "HoarseyHorsey"]
[Black "LiamClery2020"]
[Result "0-1"]
[WhiteElo "1426"]
[BlackElo "2068"]
[TimeControl "300"]
[EndTime "16:12:33 PDT"]
[Termination "LiamClery2020 won by checkmate"]

1. d4 Nf6 2. c4 g6 3. f3 d6 4. Nc3 Bg7 5. e4 O-O 6. Nge2 e5 7. d5 Ne8 8. g4 f5 9. gxf5 gxf5 10. Rg1 Kh8 11. Bh3 fxe4 12. Bxc8 Qxc8 13. fxe4 Qh3 14. Qd2 Nd7 15. Qg5 Nc5 16. Bd2 Nd3+ 17. Kd1 Nxb2+ 18. Kc2 Nxc4 19. Rg3 Qd7 20. Rag1 Nxd2 21.
Kxd2 Rf6 22. h4 Rg6 23. Qh5 Nf6 24. Qf3 Bh6+ 25. Kd3 Rf8 26. Rxg6 hxg6 27. Rxg6 Bg7 28. Ng3 Qh3 29. Qf5 Qxf5 30. Nxf5 Rf7 31. Ne2 Nxd5 32. exd5 Rxf5 33. Ke4 Rf2 34. Ng3 Rf4+ 35. Ke3 Rxh4 36. Nf5 Rh7 37. Ke4 Kg8 38. a4 Kf7 39. Rg3 Bf6 40.
Kf3 Rh1 41. Ke4 a6 42. Rg2 Ra1 43. Nh6+ Ke8 44. Kf5 Be7 45. Ke6 Rf1 46. Rg8+ Rf8 47. Rg2 Rf6# 0-1

[Event "Live Chess"]
[Site "Chess.com"]
[Date "2023.05.21"]
[Round "-"]
[White "JohanKjeldahl"]
[Black "laminaaprod"]
[Result "0-1"]
[WhiteElo "1873"]
[BlackElo "2249"]
[TimeControl "300"]
[EndTime "16:12:37 PDT"]
[Termination "laminaaprod won by resignation"]

1. c4 e6 2. Nc3 c5 3. Nf3 d5 4.
cxd5 exd5 5. d4 Nc6 6. e3 Nf6 7. Bb5 Be7 8. O-O O-O 9. dxc5 Bxc5 10. a3 a6 11. Bd3 Bd6 12. b4 Bg4 13. h3 Bh5 14. Bb2 Rc8 15. Be2 Bb8 16. Rc1 Qd6 17. g3 Rfd8 18. Kg2 Qe7 19. Nd4 Bg6 20. Bf3 Ne4 21.
Nxe4 dxe4 22. Be2 Ne5 23. Qb3 Nd3 24. Bxd3 exd3 25. Rxc8 Rxc8 26. Rd1 h5 27. b5 h4 28. bxa6 bxa6 29. Qb4 Bd6 30. Qa5 hxg3 31. Nf3 gxf2 32. Kxf2 Rc2+ 33. Rd2 Bc5 34. Bd4 Bxd4 35. Nxd4 Qh4+ 0-1

[Event "Live Chess"]
[Site "Chess.com"]
[Date "2023.05.21"]
[Round "-"]
[White "elvenstar"]
[Black "sanjesh_ananda"]
[Result "0-1"]
[WhiteElo "1559"]
[BlackElo "1302"]
[TimeControl "300"]
[EndTime "16:12:52 PDT"]
[Termination "sanjesh_ananda won by checkmate"]

1. e4 e5 2. Nf3 Nc6 3. d4 exd4 4. Bc4 Nf6 5. O-O Be7 6. Re1 d5 7. exd5 Nxd5 8. Nxd4 O-O 9. Bxd5 Qxd5 10. c3 Bc5 11. Be3 Ne5 12. b4 Bb6 13. a4 a5 14. b5 Ng4 15. Na3 Qd6 16. g3 Qd5 17. Qb3 Qh5 18. h4 Ne5 19. Kg2 Bxd4 20. cxd4 Qf3+ 21. Kf1 Bh3+ 22. Kg1 Qg2# 0-1

[Event "Live Chess"]
[Site "Chess.com"]
[Date "2023.05.21"]
[Round "-"]
[White "DaveL5678"]
[Black "domrobson"]
[Result "0-1"]
[WhiteElo "1012"]
[BlackElo "1771"]
[TimeControl "300"]
[EndTime "16:13:08 PDT"]
[Termination "domrobson won by checkmate"]

1. e4 e5 2. Nf3 Nc6 3. c3 Nf6 4. d4 d6 5. d5 Ne7 6. Bd3 c6 7. dxc6 bxc6 8. Bg5 Ng6 9. O-O h6 10.
Be3 Be7 11. Na3 O-O 12. Nc4 Bg4 13. h3 Bxf3 14. Qxf3 d5 15. exd5 cxd5 16. Bxg6 e4 17. Bxe4 dxe4 18. Qe2 Nd5 19. Rad1 Rc8 20. Ne5 Qa5 21. Nd7 Rfd8 22. Ne5 Nxe3 23. Rxd8+ Rxd8 24. Qxe3 Qxe5 25. Qxa7 Bc5 26. Qa6 Rd6 27. Qc8+ Kh7 28. g3 Qxg3+ 29. Kh1 Qf3+ 30. Kg1 Rg6+ 31. Kh2 Bd6# 0-1

[Event "Live Chess"]
[Site "Chess.com"]
[Date "2023.05.21"]
[Round "-"]
[White "AlanPaling"]
[Black "Biranidun"]
[Result "0-1"]
[WhiteElo "1313"]
[BlackElo "2686"]
[TimeControl "300"]
[EndTime "16:13:24 PDT"]
[Termination "Biranidun won by resignation"]

1. c4 Nf6 2. Nc3 g6 3. g3 d6 4.
Bg2 Bg7 5. e4 c5 6. Nge2 Nc6 7.
O-O O-O 8. h3 a6 9. d3 Rb8 10.
Be3 b5 11. b3 Ne8 12. Nd5 e6 13. Ndc3 b4 14. d4 bxc3 15. Qc2 cxd4 16. Bc1 Nb4 0-1

[Event "Live Chess"]
[Site "Chess.com"]
[Date "2023.05.21"]
[Round "-"]
[White "Singapourfeuj"]
[Black "chessfiction"]
[Result "1-0"]
[WhiteElo "2215"]
[BlackElo "2342"]
[TimeControl "300"]
[EndTime "16:13:25 PDT"]
[Termination "Singapourfeuj won by resignation"]

1. d4 d5 2. c4 c6 3. Nf3 dxc4 4.
e3 b5 5. a4 a6 6. Ne5 Bb7 7.
Qf3 Nf6 8. axb5 axb5 9. Rxa8 Bxa8 10. Nc3 b4 11. Ne4 Qa5 12. Bxc4 c5 13. Bxf7+ Kd8 14.
d5 Nxd5 15. Bxd5 Bxd5 16. Nf7+ Bxf7 17. Qxf7 b3+ 18. Ke2 Qa6+ 19. Kf3 Nd7 20. Rd1 Kc7 21. Rxd7+ Kxd7 22. Nxc5+ 1-0

[Event "Live Chess"]
[Site "Chess.com"]
[Date "2023.05.21"]
[Round "-"]
[White "DRS44"]
[Black "NAZRIZ1977"]
[Result "0-1"]
[WhiteElo "1364"]
[BlackElo "2050"]
[TimeControl "300"]
[EndTime "16:13:29 PDT"]
[Termination "NAZRIZ1977 won by resignation"]

1. e4 c5 2. c3 d5 3. exd5 Qxd5 4. d4 Nc6 5. Nf3 Bg4 6. Be2 cxd4 7. cxd4 e6 8. Nc3 Qd6 9. Nb5 Qd8 10. Bg5 Qd7 11.
Ne5 Nxe5 12. dxe5 Bxe2 13. Qxe2 Bb4+ 14. Nc3 Ne7 15. Rd1 Qc7 16. O-O Bxc3 17. bxc3 O-O 18. Qg4 Kh8 19. Qh4 Ng6 20. Qh5 Qxe5 21. Rfe1 Qc5 22.
Re3 h6 23. Rh3 Kg8 24. Bxh6 Qxh5 25. Rxh5 gxh6 26. Rxh6 Kg7 27. Rh3 Rfd8 28. Rhd3 Rxd3 29. Rxd3 Rc8 30. g3 Ne5 31. h4 Nxd3 0-1

[Event "Live Chess"]
[Site "Chess.com"]
[Date "2023.05.21"]
[Round "-"]
[White "smoggyrabbit"]
[Black "EdenHazard8"]
[Result "1-0"]
[WhiteElo "1712"]
[BlackElo "2020"]
[TimeControl "300"]
[EndTime "16:13:30 PDT"]
[Termination "smoggyrabbit won by resignation"]

1. d4 Nf6 2. Nf3 e6 3. e3 d5 4. Bd3 c5 5. b3 Nc6 6. Bb2 cxd4 7. exd4 Bd6 8. O-O a6 9. Nbd2 h6 10. Ne5 Qc7 11. f4 O-O 12. a3 Nd7 13. Rf3 Ndxe5 14.
fxe5 Be7 15. Rg3 Bg5 16. h4 Bxh4 17. Rg4 Bg5 18. Nf3 Be7 19. Qd2 Kh8 20. Kf2 f5 21. Rh1 Bg5 22. Rxg5 Kg8 23. Rxh6 1-0

[Event "Live Chess"]
[Site "Chess.com"]
[Date "2023.05.21"]
[Round "-"]
[White "karimghalambaz"]
[Black "jennybobby44"]
[Result "0-1"]
[WhiteElo "1279"]
[BlackElo "1845"]
[TimeControl "300"]
[EndTime "16:13:37 PDT"]
[Termination "jennybobby44 won on time"]

1. d4 Nf6 2. Bf4 d6 3. e3 g6 4. Bd3 Bg7 5. Nf3 O-O 6. Nc3 Nh5 7. Bg5 h6 8. Bh4 g5 9. Nxg5 Nf6 10. Nf3 Bg4 11.
Bg3 Nbd7 12. O-O c5 13. h3 Bh5 14. Re1 Re8 15. d5 a6 16. e4 b5 17. Be2 b4 18.
Nb1 Nxe4 19. Bh2 Bxb2 20. Nbd2 Nc3 21. Rb1 Nxd1 22. Rxb2 Nc3 23. Rb3 Nxe2+ 24. Rxe2 Bg6 25. Ne4 Kg7 26. c4 Nf6 27. Nxf6 Kxf6 28. Nh4 Kg7 29.
Rbe3 Ra7 30. Nf3 a5 31. g4 a4 32. g5 hxg5 33. Nxg5 e5 34. dxe6 Qxg5+ 35. Rg3 Qc1+ 36. Kg2 Rxe6 37. Rxe6 fxe6 38. Re3 e5 39. h4 Qxe3 40. fxe3 b3 41. axb3 axb3 42. h5 Be4+ 43. Kg3 b2 44. Kh4 b1=Q 45. Kg5 Bh7 46. h6+ Kf7 47. Bg3 Qg6+ 0-1

[Event "Live Chess"]
[Site "Chess.com"]
[Date "2023.05.21"]
[Round "-"]
[White "Fazer180"]
[Black "blowerd"]
[Result "1-0"]
[WhiteElo "1757"]
[BlackElo "1380"]
[TimeControl "300"]
[EndTime "16:13:44 PDT"]
[Termination "Fazer180 won on time"]

1. e4 e5 2. Nf3 Nc6 3. d4 exd4 4. Nxd4 Nxd4 5. Qxd4 Nf6 6. Nc3 c5 7. Qd1 Be7 8. Bf4 d6 9. Bc4 O-O 10. O-O Re8 11. Re1 Bg4 12. f3 Bh5 13. Nb5 a6 14. Nxd6 Bxd6 15. Qxd6 b5 16. Bf1 c4 17.
Rad1 Nxe4 18. Qxd8 Raxd8 19. Rxd8 Rxd8 20. fxe4 f6 21.
Be2 Bxe2 22. Rxe2 Rd1+ 23. Kf2 g5 24. Rd2 Rb1 25. Bc7 Rxb2 26. a3 Ra2 27. Bd6 Kf7 28. Ke3 Ke6 29. Bb4 a5 30. Bf8 Kf7 31. Bc5 b4 32.
axb4 a4 33. b5 Ra1 34. b6 a3 35. Rd7+ Kg6 36. b7 a2 37. Bd4 Re1+ 38. Kd2 Rb1 39. Rc7 Kh5 40. Bc3 Kg6 41. Ke3 Re1+ 42. Kd4 Rd1+ 43.
Kxc4 Rd8 44. Rc8 1-0

[Event "Live Chess"]
[Site "Chess.com"]
[Date "2023.05.21"]
[Round "-"]
[White "Jo1ts"]
[Black "KeithArkell"]
[Result "0-1"]
[WhiteElo "778"]
[BlackElo "2611"]
[TimeControl "300"]
[EndTime "16:14:02 PDT"]
[Termination "KeithArkell won by resignation"]

1. d4 c5 2. c3 b6 3. Bf4 Bb7 4. e3 Nf6 5. Nf3 e6 6. Nbd2 Be7 7. Bd3 Nh5 8. Bg3 Nc6 9. Ne5 Nxg3 10. hxg3 Nxe5 11.
dxe5 Bxg2 12. Rg1 Bc6 13. Nf3 h5 14. Qc2 Bxf3 0-1